 Dungeon Crawl Stone Soup version 0.14.0-12-g87ee3b7 (webtiles) character file.

289 Nameless the Ducker (level 5, 0/46 HPs)
             Began as a Draconian Berserker on Apr 15, 2014.
             Was a Believer of Trog.
             Slain by a gnoll
             ... wielding a +0,+0 flail
              (8 damage)
             ... on Level 2 of the Dungeon.
             The game lasted 00:13:18 (2319 turns).

Nameless the Ducker (Draconian Berserker)           Turns: 2319, Time: 00:13:18

HP   0/46        AC  7     Str 24      XL: 5   Next: 11%
MP   5/5         EV 13     Int  7      God: Trog [**....]
Gold 137         SH  0     Dex 10      Spells:  0 memorised,  4 levels left

rFire  . . .     SeeInvis .     s - +0 cutlass
rCold  . . .     Clarity  .     (armour unavailable)
rNeg   . . .     Conserve .     (no shield)
rPois  +         rCorr    .     (helmet restricted)
rElec  .         rRot     .     (no cloak)
SustAb . .       Spirit   .     b - +1 pair of gloves {Str+3}
rMut   .         Warding  .     (no boots)
Saprov . . .     Stasis   .     (no amulet)
MR     .....                    (no ring)
                                o - ring of poison resistance

@: not resistant to hostile enchantments, unstealthy
A: unfitting armour, AC +5
a: Burn Spellbooks, Berserk, Trog's Hand, Renounce Religion


You were on level 2 of the Dungeon.
You worshipped Trog.
Trog was pleased with you.
You were not hungry.

You visited 1 branch of the dungeon, and saw 3 of its levels.

You collected 137 gold pieces.

Inventory:

Hand weapons
 s - a +0,+0 cutlass (weapon)
Armour
 b - a +1 pair of gloves of strength (worn)
Comestibles
 c - a bread ration
 j - an apple
 k - a meat ration
Scrolls
 d - 2 scrolls of identify
 f - a scroll of magic mapping {unknown}
 h - 2 scrolls of teleportation
 m - 2 scrolls of remove curse {unknown}
 n - 2 scrolls of amnesia {unknown}
 p - a scroll of fog {unknown}
 r - 2 scrolls of recharging {unknown}
Jewellery
 o - a ring of poison resistance (left hand)
Potions
 e - 2 potions of curing
 g - a potion of magic {unknown}
 q - a potion of restore abilities


   Skills:
 + Level 4.1 Fighting
 + Level 4.0 Short Blades
 + Level 4.2 Dodging
 + Level 0.2 Stealth


You had 4 spell levels left.
You didn't know any spells.

Dungeon Overview and Level Annotations

Branches:
Dungeon (3/15)

Altars:
Dithmenos
Elyvilon


Message History

The gnoll barely misses you.
A gnoll comes into view. It is wielding a club.
You hit the gnoll.
You kill the gnoll!
Trog accepts your kill.
The gnoll throws a dart.
The dart hits you!
You barely miss the gnoll. The gnoll barely misses you.
You hit the gnoll. You tail-slap the gnoll.
The gnoll is heavily wounded.
The gnoll hits you with a flail.
* * * LOW HITPOINT WARNING * * *
You closely miss the gnoll.
The gnoll is heavily wounded.
You hit the gnoll but do no damage.
The gnoll is heavily wounded.
The gnoll barely misses you.
You hit the gnoll.
The gnoll is heavily wounded.
The gnoll hits you with a flail!
You die...

.....#...# ####### #.######[#
....##.########...######.#...##.#
.............>.............)....#
.##.#...#######...#...#..#.....##
.##...............#...#..###...#
.##......................# #...#
.........................# #####
.##.###....#####g##.....(####
.##.# #...## #@##.........# .##.#
##### #.##...#.....# .##.#
#>##...#.(...# .##.#
#.######..#### .##.# #.# #..#
.##.# #.# #..# .##.#
#.######..######## ..#.#####
##................. ..#.#...#
#...#####..##...# #


You could see a gnoll.

Vanquished Creatures
  An orc wizard (D:3)
  3 gnolls
  5 adders
  4 giant geckos
  2 orcs (D:3)
  2 ball pythons
  2 bats
  3 giant cockroaches
  4 hobgoblins
  An ooze (D:2)
  3 quokkas
  4 giant newts
  4 goblins
  6 kobolds
  4 rats
48 creatures vanquished.

Notes
Turn   | Place    | Note
--------------------------------------------------------------
     0 | D:1      | Nameless, the Draconian Berserker, began the quest for the Orb.
     0 | D:1      | Reached XP level 1. HP: 19/19 MP: 1/1
   348 | D:1      | Reached XP level 2. HP: 24/26 MP: 2/2
   682 | D:2      | Found a shadowy altar of Dithmenos.
   902 | D:2      | Acquired Trog's second power
   918 | D:2      | Reached XP level 3. HP: 31/31 MP: 3/3
  1064 | D:2      | Found a white marble altar of Elyvilon.
  1392 | D:3      | Reached XP level 4. HP: 36/40 MP: 4/4
  1507 | D:3      | Reached skill level 4 in Fighting
  2308 | D:2      | Reached XP level 5. HP: 23/46 MP: 5/5
  2319 | D:2      | Slain by a gnoll

Action                   |  1- 3 |  4- 6 || total
-------------------------+-------+-------++-------
Melee: Short sword       |   135 |    17 ||   152
       Cutlass           |       |    62 ||    62
  Use: Scroll            |     2 |       ||     2
       Potion            |       |     4 ||     4
